Unix NetHack Version 3.7.0-50 Work-in-progress - last build Feb 18 2022 03:49:16. Game began 2022-02-22 16:54:53, ended 2022-02-22 17:03:32. greg, lawful female human Valkyrie ^ ---|--.--- |.)....... |........| ------ |..^......# |....... |........|# |....... |........|# #........ ----.-----# #|....... # # #|...... # # #-----.- # # ### ### ###### # # # -|------ # # # |@f).[.| # # ##### |@m)[.[| # # ### |[)[..[| # # -.--- |[[[[].| #------# |...| |[[.[[[| #|....|# |<... -------- #......# |..|| ------ ----- Greg the Stripling St:18/01 Dx:16 Co:13 In:10 Wi:9 Ch:8 Lawful S:127 Dlvl:2 $:23 HP:0(17) Pw:2(2) AC:6 Xp:1/11 T:829 Latest messages: You cannot escape from the large mimic! You pull free from the large mimic. You see here a leather armor (for sale, 7 zorkmids). You stop. Your kitten is in the way! The kitten drops an etched helmet. You already found a monster. Use 'm' prefix to force another search. What do you want to throw? [$abi or ?*] ? In what direction? 6 The silver arrow misses the large mimic. You relinquish a silver arrow and receive 3 gold pieces in compensation. What do you want to throw? [$abi or ?*] i In what direction? 6 The silver arrow misses the large mimic. You relinquish a silver arrow and receive 3 gold pieces in compensation. The kitten picks up a +0 pair of boots called combat non speed. What do you want to wield? [- abfi or ?*] a Your war hammer is welded to your hand! You miss the large mimic. You hit the large mimic. The large mimic hits! You hit the large mimic. You hit the large mimic. You miss the large mimic. You miss the large mimic. You miss the large mimic. You miss the large mimic. The large mimic hits! You cannot escape from the large mimic! You cannot escape from the large mimic! You miss the large mimic. You hit the large mimic. What do you want to put on? [e or ?*] e Which ring-finger, Right or Left? [rl] r You cannot free your weapon hand to put on the ring. What do you want to throw? [$abi or ?*] k In what direction? 3 The tripe ration misses the large mimic. Tirebolu seems uninterested. You hit the large mimic. You hear someone counting gold coins. You miss the large mimic. You miss the large mimic. You miss the large mimic. You miss the large mimic. You miss the large mimic. You cannot escape from the large mimic! The large mimic hits! You die... Tirebolu gratefully inherits all your possessions. Do you want to see what you had when you died? [ynq] (y) q Major events: Turn 1: greg the lawful human Valkyrie entered the dungeon 123: entered new level 2, The Dungeons of Doom 180: ate for the first time - egg 185: hit with a wielded weapon for the first time 185: killed for the first time 254: entered a shop 792: rejected atheism with a prayer Inventory: Coins $ - 23 gold pieces Weapons i - 4 +0 silver arrows b - a +0 dagger (alternate weapon; not wielded) a - a +1 long sword f - a cursed -1 war hammer (weapon in hand) Armor c - an uncursed +3 small shield (being worn) m - an uncursed +0 Hawaiian shirt with a sailboat motif Comestibles d - an uncursed food ration Rings e - a cursed ring of levitation Tools j - a cursed bell Gems/Stones g - 2 uncursed jade stones Greg the Valkyrie's attributes: Background: You were a Stripling, a level 1 human Valkyrie. You were lawful, on a mission for Tyr who was opposed by Odin (neutral) and Loki (chaotic). You were in the Dungeons of Doom, on level 2. You entered the dungeon 829 turns ago. You had 11 experience points, 9 more were needed to attain level 2. Your score was 127 before end-of-game adjustments. Basics: You had 0 out of 17 hit points. You had both energy points (spell power). Your armor class was 6. Your wallet contained 23 zorkmids. Autopickup was on for '$' plus thrown. Final Characteristics: Your strength was 18/01 (limit:18/100). Your dexterity was 16 (limit:18). Your constitution was 13 (limit:18). Your intelligence was 10 (limit:18). Your wisdom was 9 (limit:18). Your charisma was 8 (limit:18). Final Status: You were held by a large mimic (southeast). You were not hungry. You were unencumbered. You were wielding a hammer. You were unskilled in hammer. Final Attributes: You were fervently aligned. You were cold resistant. You were stealthy. You are dead. Miscellaneous: You never encountered a bones level. Total elapsed playing time was 8 minutes and 38 seconds. Vanquished creatures: a grid bug 2 lichens 2 newts 5 creatures vanquished. No species were genocided or became extinct. Voluntary challenges: You were vegetarian. You were illiterate. You never engraved Elbereth. You never genocided any monsters. You never polymorphed an object. You never changed form. You used no wishes. Achievement: You entered a shop. The Dungeons of Doom: levels 1 to 2 Level 1: Level 2: <- You were here. An armor shop, a grave. Final resting place for you, killed by a large mimic. Game over: ---------- / \ / REST \ / IN \ / PEACE \ / \ | greg | | 23 Au | | killed by a | | large mimic | | | | | | 2022 | *| * * * | * _________)/\\_//(\/(/\)/\//\/|_)_______ Farvel greg the Valkyrie... You died in The Dungeons of Doom on dungeon level 2 with 125 points, and 23 pieces of gold, after 829 moves. You were level 1 with a maximum of 17 hit points when you died.